Map: Curious Minds LE

Players

Cereal

  • Race: Terran Terran
  • League: Master
  • Spawn Location: 5:00

Pumba - Winner!

  • Race: Protoss Protoss
  • League: Diamond
  • Spawn Location: 11:00

VOD

Have the link to the VOD?

Description

Time

  • Played on: March 22, 2022, 5:56 p.m.
  • Length: 7:18
Show
View Real Time Build Order
Export as new Build Order

Cereal Terran 

Build Orders: 1/1/1 

Get SALT Encoding   

  12  0:00  SCV  
  13  0:12  SCV  
  14  0:17  Supply Depot  
  14  0:24  SCV  
  15  0:38  SCV  
  15  0:40  Barracks  
  16  0:43  Refinery  
  16  0:50  SCV  
  16  0:52  Refinery  
  17  1:02  Supply Depot  
  17  1:04  SCV  
  18  1:17  SCV  
  19  1:27  Reaper  
  19  1:30  Orbital Command  
  20  1:44  Factory  
  20  1:55  SCV  
  20  2:00  Barracks  
  21  2:06  Reaper  
  21  2:08  SCV  
  23  2:20  SCV  
  24  2:28  Hellion  
  24  2:29  Starport  
  26  2:32  SCV  
  27  2:37  Supply Depot  
  28  2:44  SCV  
  28  2:47  Barracks Reactor  
  28  2:48  Marine  
  29  2:51  Factory Tech Lab  
  29  3:11  Siege Tank  
  32  3:13  Viking, Marine  
  35  3:22  Supply Depot  
  35  3:25  Marine  
  35  3:26  Marine  
  37  3:31  Marine  
  38  3:44  Marine x2  
  38  3:46  Siege Tank  
  38  3:47  Viking  
  45  3:49  Supply Depot  
  45  3:51  Marine  
  46  4:04  Marine  
  47  4:10  Marine  
  47  4:11  Supply Depot  
  48  4:19  Siege Tank  
  48  4:22  Marine  
  52  4:25  Viking, Marine  
  55  4:34  Supply Depot  
  55  4:51  Marine x3  
  55  4:52  Siege Tank  
  61  5:10  Marine x3  
  61  5:12  Liberator  
  67  5:16  Supply Depot  
  65  5:32  Marine x3  
  66  6:15  Bunker  
  66  6:16  Bunker  
  66  6:24  Marine x3  
  66  6:25  Siege Tank  
  72  6:26  Liberator  
  72  6:30  Supply Depot, SCV  
  76  6:44  Marine x3  
Show
View Real Time Build Order
Export as new Build Order

Pumba Protoss - Winner!

Build Orders: 1 Gate Expand 

Get SALT Encoding   

  12  0:00  Probe  
  13  0:12  Probe  
  14  0:17  Pylon  
  14  0:24  Probe  
  15  0:37  Probe (Chrono Boost)  
  15  0:38  Gateway  
  16  0:46  Probe (Chrono Boost), Assimilator  
  17  0:51  Probe (Chrono Boost)  
  18  1:03  Probe  
  19  1:15  Probe  
  20  1:24  Nexus  
  20  1:31  Cybernetics Core  
  20  1:37  Probe  
  21  1:40  Assimilator  
  21  1:51  Probe  
  21  1:53  Pylon  
  22  2:03  Probe  
  23  2:09  Adept (Chrono Boost)  
  23  2:10  Warp Gate  
  25  2:16  Probe  
  26  2:23  Gateway  
  26  2:31  Probe (Chrono Boost), Stalker (Chrono Boost)  
  26  2:36  Probe (Chrono Boost)  
  31  2:46  Robotics Facility  
  31  2:48  Probe (Chrono Boost)  
  31  2:49  Probe (Chrono Boost)  
  32  2:56  Probe (Chrono Boost)  
  33  3:04  Probe  
  34  3:09  Stalker (Chrono Boost)  
  34  3:11  Probe  
  37  3:13  Pylon  
  37  3:16  Probe  
  37  3:17  Stalker (Chrono Boost)  
  38  3:30  Probe  
  38  3:31  Probe  
  40  3:35  Observer (Chrono Boost)  
  41  3:42  Probe  
  41  3:43  Probe  
  43  3:54  Twilight Council, Probe  
  44  3:55  Probe  
  44  3:57  Immortal (Chrono Boost)  
  44  3:58  Pylon  
  48  4:06  Stalker x2  
  48  4:09  Shield Battery  
  52  4:17  Pylon  
  52  4:27  Gateway  
  52  4:28  Gateway  
  52  4:39  Probe x2  
  52  4:42  Stalker  
  52  4:45  Charge (Chrono Boost)  
  54  4:51  Probe  
  55  4:55  Immortal (Chrono Boost)  
  55  4:57  Shield Battery  
  59  5:03  Stalker  
  60  5:09  Probe  
  60  5:10  Shield Battery  
  60  5:13  Zealot  
  63  5:17  Shield Battery  
  63  5:29  Zealot x3  
  69  5:36  Pylon  
  69  5:37  Pylon  
  69  5:38  Pylon  
  69  5:50  Gateway  
  69  5:53  Gateway  
  69  5:54  Gateway  
  69  5:57  Zealot x3  
  75  6:06  Gateway  
  75  6:09  Pylon  
  75  6:11  Pylon  
  75  6:16  Zealot  
  77  6:20  Zealot x3  
  77  6:21  Pylon  
  83  6:37  Zealot  
  83  6:38  Warp Prism  
  87  6:42  Zealot x3  
  87  6:46  Zealot  
  95  6:52  Zealot x2  
  85  7:10  Zealot x5  
Tags
 
Add a new tag
Caveats
  • Supply blocks, unpowered buildings, or Contaminate may cause inaccurate times.
  • Supply counts are checked every 10 seconds.